 Dungeon Crawl Stone Soup version 0.29-a0-284-gf9362112df (webtiles) character file.

Game seed: 198697656675589699

37 spaghetti the Sneak (level 3, 0/42 HPs)
             Began as a Naga Necromancer on Mar 21, 2022.
             Slain by an adder (3 damage)
             ... on level 2 of the Dungeon.
             The game lasted 00:02:28 (2766 turns).

spaghetti the Sneak (Naga Necromancer)              Turns: 2766, Time: 00:02:28

Health: 0/42       AC:  2    Str: 10    XL:     3   Next: 41%
Magic:  7/7        EV:  9    Int: 17    God:
Gold:   80         SH:  0    Dex: 11    Spells: 6/7 levels left

rFire   + . .      SeeInvis +   e - +0 rapier {short}
rCold   + . .      Faith    .   (no shield)
rNeg    . . .      Spirit   .   a - +0 robe
rPois   +          Reflect  .   (no helmet)
rElec   +          Harm     .   (no cloak)
rCorr   +          Rampage  .   (no gloves)
Will    .....                   (no barding)
Stlth   ..........              (no amulet)
HPRegen 0.14/turn               (no ring)
MPRegen 0.10/turn               (no ring)

@: berserking, lethally poisoned (0 -> -2), resistant, quick
A: AC +1, large, see invisible, deformed body, poison resistance, slowness 2,
spit poison 1, naga tail 1
a: Spit Poison


You were on level 2 of the Dungeon.
You visited 1 branch of the dungeon, and saw 2 of its levels.

You collected 80 gold pieces.


Innate Abilities, Weirdness & Mutations

Your serpentine skin is tough. (AC +1)
You have supernaturally acute eyesight. (SInv)
Armour fits poorly on your strangely shaped body.
Your system is resistant to poisons. (rPois)
You cover ground very slowly.
You can spit poison.
You have a snake-like lower body.


   Skills:
 - Level 1.5 Dodging
 + Level 4.5 Stealth
 * Level 2.9 Spellcasting
 - Level 4.0 Necromancy


You had 6 spell levels left.
You knew the following spells:

 Your Spells              Type           Power      Damage    Failure   Level
a - Pain                  Necr           64%        1d7       3%          1

Your spell library contained the following spells:

 Spells                   Type           Power      Damage    Failure   Level
 Animate Skeleton         Necr           32%        N/A       3%          1
 Vampiric Draining        Necr           16%        2d7       11%         3
 Animate Dead             Necr           8%         N/A       34%         4
 Agony                    Necr           16%        N/A       67%         5

Inventory:

Hand Weapons
 d - a +0 hunting sling {sling}
   (You found it on level 1 of the Dungeon)
 e - a +0 rapier (weapon) {short}
   (You found it on level 1 of the Dungeon)
Missiles
 g - 5 poisoned darts {throwing}
 i - 3 atropa-tipped darts {throwing}
 j - 14 stones {throwing}
Armour
 a - a +0 robe (worn)
Scrolls
 c - a scroll of holy word {unknown}
 f - a scroll of immolation {unknown}
 h - 3 scrolls of identify {unknown}
 l - 2 scrolls of magic mapping {unknown}
Potions
 m - a potion of degeneration {unknown}
 n - a potion of cancellation {unknown}

Dungeon Overview and Level Annotations

Branches:
Dungeon (2/15)

Altars:

######################
..........)..........>
#####...####....######
######...# #....#
+.......## #...)#
#######.# ###.## ####.#
#.# #.#####.SS.#######)#
........#@......##.###
#.#####.#.......##.#<#
..........##.#.# #
###.#########.#.#####
#.# #.#......
######.###### #.#......
#.......#...####.#......
#.....#.#.....)..##.....
#.....#..........#######


You could see 2 adders.


Message History

The adder hisses angrily.
You barely miss the adder. The adder bites you but does no damage.
You miss the adder. The adder bites you. x2 😕 HP[-4]
You take 4 damage, and now have 24/28 hp.
You closely miss the adder.
The adder hisses angrily.
The adder barely misses you. The adder closely misses you.
You hit the adder. The adder closely misses you. The adder barely misses you.
The adder bites you. The adder closely misses you. 😕 HP[-1]
You take 1 damage, and now have 23/28 hp.
You miss the adder. The adder bites you but does no damage.
The adder closely misses you.
You miss the adder. The adder bites you. The adder barely misses you.
The adder bites you but does no damage. x2 😮 HP[-2]
You take 2 damage, and now have 21/28 hp.
You are too injured to fight recklessly!
You are too injured to fight recklessly!
You are too injured to fight recklessly!
You are too injured to fight recklessly!
You are too injured to fight recklessly!
You are too injured to fight recklessly!
You are too injured to fight recklessly!
You are too injured to fight recklessly!
You are too injured to fight recklessly!
You are too injured to fight recklessly!
You are too injured to fight recklessly!
You are too injured to fight recklessly!
You are too injured to fight recklessly!
You are too injured to fight recklessly!
You are too injured to fight recklessly!
You are too injured to fight recklessly!
You are too injured to fight recklessly!
You are too injured to fight recklessly!
You are too injured to fight recklessly!
Aiming: Spit Poison (2% risk of failure)
Press: ? - help, Shift-Dir - straight line, f - adder
Aim: an adder (lightly wounded, 37% to hit)
The splash of poison misses the adder.
The adder bites you. x2
You are poisoned.
The adder poisons you! 😮 HP[-3]
You take 3 damage, and now have 18/28 hp.
The adder attacks as you move away! The adder bites you.
You feel sick. The adder closely misses you. The adder bites you.
* * * LOW HITPOINT WARNING * * *
😨 HP[-6]
You take 6 damage, and now have 12/28 hp.
MASSIVE DAMAGE!! (PAUSE)
You have got your breath back.
You feel sick. 😨 HP[-1]
You take 1 damage, and now have 11/28 hp.
It was a potion of resistance.
You feel protected.
You feel sick.
You are no longer poisoned.
The adder bites you but does no damage. The adder barely misses you. 😨 HP[-1]
You take 1 damage, and now have 10/28 hp.
Okay, then.
Aiming: Spit Poison (2% risk of failure)
Press: ? - help, Shift-Dir - straight line, f/p - adder
Aim: an adder (lightly wounded, 37% to hit)
The splash of poison hits the adder.
The adder is poisoned.
The adder bites you.
* * * LOW HITPOINT WARNING * * *
The adder bites you.
* * * LOW HITPOINT WARNING * * *
The adder bites you.
* * * LOW HITPOINT WARNING * * *
😱 HP[-5]
You take 5 damage, and now have 5/28 hp.
Unknown command.
It was a potion of berserk rage.
A red film seems to cover your vision as you go berserk!
You feel yourself moving faster!
You feel mighty! The adder barely misses you. The adder bites you.
* * * LOW HITPOINT WARNING * * *
You are poisoned.
The adder poisons you! 😱 HP[+2]
You now have 42 max hp (+14).
You regained 2 hp, and now have 7/42 hp.
You closely miss the adder.
You feel sick.
The adder barely misses you. x2 😱 HP[-1]
You take 1 damage, and now have 6/42 hp.
You miss the adder.
You have got your breath back.
You feel sick. The adder bites you.
* * * LOW HITPOINT WARNING * * *
The adder bites you but does no damage. The adder barely misses you. 😱 HP[-2]
You take 2 damage, and now have 4/42 hp.
You miss the adder.
* * * LOW HITPOINT WARNING * * *
You feel sick. The adder bites you.
You die...

Skill      XL: |  1  2 |
---------------+-------+-----
Stealth        | 4 |  4.5
Dodging        | |  1.5
Spellcasting   | |  2.9
Necromancy     | |  4.0

Action                   || total
-------------------------++-------
Melee: Unarmed           ||    13
       Rapier            ||    26
 Cast: Pain              ||    51
 Abil: Spit Poison       ||     7
  Use: Potion            ||     3
Armor: Robe              ||     9
Dodge: Dodged            ||    36

Levels and vault maps discovered:
D:1:      dpeg_arrival_brainrot, layout_basic, serial_park_tiny_1
D:2:      layout_basic

Notes
Turn   | Place    | Note
-------+----------+-------------------------------------------
     0 | D:1      | spaghetti the Naga Necromancer began the quest for the Orb.
     0 | D:1      | Reached XP level 1. HP: 15/15 MP: 3/3
     0 | D:1      | magus.rc [v1.9.6]
   582 | D:1      | Reached XP level 2. HP: 17/22 MP: 0/5
   883 | D:1      | Reached skill level 4 in Stealth
   889 | D:1      | HP: 5/22 [ball python (3)]
   891 | D:1      | HP: 2/22 [ball python (3)]
  2250 | D:2      | Reached XP level 3. HP: 27/28 MP: 4/6
  2762 | D:2      | HP: 6/28 [adder (2)]
  2766 | D:2      | Slain by an adder

Vanquished Creatures
  A dart slug (D:1)
  2 endoplasms (D:1)
  A giant cockroach (D:1)
  A goblin (D:2)
  3 hobgoblins
  4 jackals (D:2)
  A quokka (D:1)
  5 ball pythons (D:1)
  7 bats
  2 frilled lizards (D:2)
  4 kobolds (D:2)
  3 rats (D:1)
34 creatures vanquished.

Table legend:
 A = Non-vault XP
 B = Vault XP
 C = Vault XP percentage of total XP
 D = Non-vault monster count
 E = Vault monster count
 F = Vault count percentage of total count
                 A         B        C        D         E       F
            +---------+---------+-------+---------+---------+-------
      Total |      54 |       0 |   0.0 |      34 |       0 |   0.0
            +---------+---------+-------+---------+---------+-------
        D:1 |      32 |       0 |   0.0 |      20 |       0 |   0.0
        D:2 |      22 |       0 |   0.0 |      14 |       0 |   0.0
            +---------+---------+-------+---------+---------+-------

Illustrated notes

Table legend:
 A = Kills in this place as a percentage of kills in entire the game.
 B = Kills by you in this place as a percentage of kills by you in the entire game.
 C = Kills by friends in this place as a percentage of kills by friends in the entire game.
 D = Other kills in this place as a percentage of other kills in the entire game.
 E = Experience gained in this place as a percentage of experience gained in the entire game.
 F = Experience gained in this place divided by the number of levels of this place that you have seen.
                   A       B       C       D       E      F
               +-------+-------+-------+-------+-------+----------------------
         Total | 100.0 | 100.0 |   N/A |   N/A | 100.0 |  27.0
       Dungeon | 100.0 | 100.0 |   N/A |   N/A | 100.0 |  27.0
               +-------+-------+-------+-------+-------+----------------------

Table legend: (Time is in decaauts)
 A = Elapsed time spent in this place.
 B = Non-inter-level travel time spent in this place.
 C = Inter-level travel time spent in this place.
 D = Time resting spent in this place.
 E = Time spent auto-exploring this place.
 F = Levels seen in this place.
 G = Mean time per level.
                   A        B        C        D        E       F      G
               +--------+--------+--------+--------+--------+-----+--------+
         Total |   3256 |   3220 |     36 |    923 |   2070 |   2 | 1628.0 |
       Dungeon |   3256 |   3220 |     36 |    923 |   2070 |   2 | 1628.0 |
               +--------+--------+--------+--------+--------+-----+--------+

Top non-repeatable levels by time:
     D:1: 2454 daAuts
     D:2: 802 daAuts
